 Dungeon Crawl Stone Soup version 0.30-a0-528-g8c47a4955b (webtiles) character file.

Game seed: 3589848849808770618

313 scionoferis the Gusty (level 6, -1/39 HPs)
             Began as an Octopode Air Elementalist on Dec 23, 2022.
             Slain by a phantom (6 damage)
             ... on level 5 of the Dungeon.
             The game lasted 00:11:45 (4116 turns).

scionoferis the Gusty (Octopode Air Elementalist)   Turns: 4116, Time: 00:11:45

Health: -1/39      AC:  1    Str:  7    XL:     6   Next: 43%
Magic:  9/11       EV: 13    Int: 26    God:
Gold:   212        SH:  0    Dex: 12    Spells: 5/11 levels left

rFire   . . .      SeeInvis +    a - +2 short sword (elec)
rCold   . . .      Faith    .    (no shield)
rNeg    . . .      Spirit   .    (helmet restricted)
rPois   .          Reflect  .    (no amulet)
rElec   .          Harm     .    d - +6 ring of intelligence
rCorr   .          Rampage  .    l - ring of flight
Will    .....                    r - ring of see invisible
Stlth   +++                      (no ring)
HPRegen 0.26/turn                (no ring)
MPRegen 0.12/turn                (no ring)
                                 (no ring)
                                 (no ring)

@: flying
A: almost no armour, amphibious, 8 rings, camouflage 1, gelatinous body 1,
(nimble swimmer 1), tentacles
a: no special abilities


You were on level 5 of the Dungeon.
You visited 1 branch of the dungeon, and saw 5 of its levels.

You collected 212 gold pieces.


Innate Abilities, Weirdness & Mutations

You cannot wear most types of armour.
You are amphibious.
You can wear up to eight rings at the same time.
Your skin changes colour to match your surroundings (Stealth+).
Your rubbery body absorbs attacks. (AC +1, EV +1)
((You are camouflaged when in or above water. (Stealth+)))
You have tentacles for arms and can constrict up to eight enemies at once.


   Skills:
 + Level 2.2 Fighting
 - Level 2.0 Dodging
 - Level 4.0 Stealth
 + Level 3.3 Spellcasting
 + Level 3.1 Conjurations
 * Level 4.3 Air Magic


You had 5 spell levels left.
You knew the following spells:

 Your Spells              Type           Power      Damage    Failure   Level
a - Shock                 Conj/Air       92%        1d8       1%          1
b - Static Discharge      Conj/Air       46%        2-4/arc   3%          2
c - Swiftness             Air            26%        N/A       4%          3

Your spell library contained the following spells:

 Spells                   Type           Power      Damage    Failure   Level
 Poisonous Vapours        Pois/Air       30%        N/A       5%          2
 Cigotuvi's Dreadful Rot  Necr/Pois/Air  22%        N/A       8%          2
 Beastly Appendage        Tmut           8%         N/A       9%          1
 Mephitic Cloud           Conj/Pois/Air  17%        N/A       10%         3
 Ensorcelled Hibernation  Hex/Ice        8%         N/A       14%         2
 Passwall                 Tmut/Erth      3%         N/A       14%         2
 Wereblood                Tmut           4%         N/A       14%         2
 Airstrike                Air            13%        2d(2-18)  16%         4
 Gell's Gravitas          Tloc           4%         N/A       26%         3
 Spider Form              Tmut/Pois      4%         N/A       26%         3
 Teleport Other           Tloc           4%         N/A       26%         3
 Dispersal                Tloc           2%         N/A       100%        6

Inventory:

Hand Weapons
 a - a +2 short sword of electrocution (weapon)
   (You took it off an orc on level 5 of the Dungeon)
 f - a +0 short sword
   (You took it off a kobold on level 1 of the Dungeon)
 z - a +0 trident
   (You took it off an orc on level 4 of the Dungeon)
Missiles
 o - 6 silver boomerangs
 y - a throwing net
Magical Staves
 m - a staff of earth
   (You took it off a hobgoblin on level 2 of the Dungeon)
 s - a staff of poison
   (You found it on level 3 of the Dungeon)
Jewellery
 d - a +6 ring of intelligence (left tentacle)
   (You found it on level 1 of the Dungeon)
 l - a ring of flight (right tentacle)
   (You found it on level 2 of the Dungeon)
 r - a ring of see invisible (on tentacle)
   (You took it off a hobgoblin on level 3 of the Dungeon)
Wands
 x - a wand of flame (28)
   (You found it on level 4 of the Dungeon)
Scrolls
 b - 3 scrolls of identify {unknown}
 c - a scroll of enchant armour {unknown}
 e - a scroll of brand weapon {unknown}
 g - 4 scrolls of teleportation {unknown}
 h - 2 scrolls of magic mapping {unknown}
 i - a scroll of poison {unknown}
 k - a scroll of immolation {unknown}
 u - a scroll of torment {unknown}
 v - a scroll of amnesia {unknown}
 B - a scroll of vulnerability {unknown}
Potions
 j - a potion of heal wounds {unknown}
 n - a potion of mutation {unknown}
 p - a potion of haste {unknown}
 q - 2 potions of flight {unknown}
 t - a potion of degeneration {unknown}
 w - 3 potions of curing {unknown}
 A - a potion of magic

Dungeon Overview and Level Annotations

Branches:
Dungeon (5/15)
 Temple: D:4-7

Altars:

#...........###.# #....
#.#....#...## #.# #....
#......##.## #.# #.###
##.######.# #.. ... #.#
#.# ### #.# #.# #.# #.#
#.# #.# ########.# ####.#
.........###..@.#########
#########....W....§.....#
#.##.##########.. #.##.#
###.##.### ........
###.##.# #....<.#
#.###..#


You could see a phantom.


Message History

You are very lightly contaminated with residual magic.
Nothing appears to happen.
Unknown command.
Aiming: Shock (safe; 3% risk of failure)
Press: ? - help, Q - select action, (/) - cycle Shift-Dir - straight line, f/p - quokka
Aim: a quokka (asleep, 100% to hit)
The zap hits the quokka.
The quokka is almost dead.
Unknown command.
Aiming: Shock (safe; 3% risk of failure)
Press: ? - help, Q - select action, (/) - cycle Shift-Dir - straight line, f/p - quokka
Aim: a quokka (almost dead, 60% to hit)
The zap hits the quokka.
You kill the quokka!
Unknown command.
Your magical contamination has completely faded away.
Found a stone staircase leading up.
There is an open door here.
There is an open door here.
There is an open door here.
There is an open door here.
An endoplasm is nearby!
Aiming: Shock (safe; 3% risk of failure)
Press: ? - help, Q - select action, (/) - cycle Shift-Dir - straight line, f - endoplasm
Aim: an endoplasm (wandering, hasn't noticed you, 98% to hit)
The zap hits the endoplasm.
The endoplasm is severely wounded.
The endoplasm quivers.
Unknown command.
Aiming: Shock (safe; 3% risk of failure)
Press: ? - help, Q - select action, (/) - cycle Shift-Dir - straight line, f/p - endoplasm
Aim: an endoplasm (severely wounded, 98% to hit)
The zap hits the endoplasm.
The endoplasm is almost dead.
Unknown command.
Aiming: Shock (safe; 3% risk of failure)
Press: ? - help, Q - select action, (/) - cycle Shift-Dir - straight line, f/p - endoplasm
Aim: an endoplasm (severely wounded, 98% to hit)
The zap hits the endoplasm.
You kill the endoplasm!
You have reached level 4!
An adder and an endoplasm come into view.
Found 13 gold pieces.
There is an open door here.
Aiming: Shock (safe; 3% risk of failure)
Press: ? - help, Q - select action, (/) - cycle Shift-Dir - straight line, f - adder
Aim: an adder (asleep, 100% to hit)
Okay, then.
Okay, then.
Okay, then.
Unknown command.
There is an open door here.
Aiming: Shock (safe; 3% risk of failure)
Press: ? - help, Q - select action, (/) - cycle Shift-Dir - straight line, f - adder
Aim: an adder (asleep, 100% to hit)
The zap hits the adder.
The adder is moderately wounded.
The adder hisses angrily.
The endoplasm quivers.
A giant cockroach comes into view.
Unknown command.
There is an open door here.
The adder attacks as you move away! The adder bites you but does no damage.
The adder bites you.
Aiming: Shock (safe; 3% risk of failure)
Press: ? - help, Q - select action, (/) - cycle Shift-Dir - straight line, p - adder The zap hits the adder.
The adder is severely wounded.
The zap hits the adder!
You kill the adder!
Unknown command.
Aiming: Shock (safe; 3% risk of failure)
Press: ? - help, Q - select action, (/) - cycle Shift-Dir - straight line, f - endoplasm
Aim: an endoplasm (98% to hit)
The zap hits the endoplasm.
You kill the endoplasm!
Your Conjurations skill increases to level 2!
Unknown command.
You start resting.
HP restored.
Magic restored.
There is an open door here.
There is an open door here.
You now have 76 gold pieces (gained 13).
Done exploring.
Done exploring.
There is an open door here.
There is an open door here.
There is a stone staircase leading down here.
You fly downwards.
Found 6 silver boomerangs.
There is a stone staircase leading up here.
You see here 6 silver boomerangs.
o - 6 silver boomerangs
There is a stone staircase leading up here.
You now have 88 gold pieces (gained 12).
Found a stone staircase leading down.
There is a stone staircase leading down here.
p - a purple potion
Found 3 stones.
q - a fuming sapphire potion You pick up a book of Vapours and begin reading...
You add the spells Poisonous Vapours, Cigotuvi's Dreadful Rot and Mephitic Cloud to your library.
Unknown command.
A kobold comes into view. It is wielding a +0 dagger.
Aiming: Shock (safe; 3% risk of failure)
Press: ? - help, Q - select action, (/) - cycle Shift-Dir - straight line The zap hits the kobold.
The kobold is severely wounded.
The kobold shouts!
The zap hits the kobold.
You kill the kobold!
Unknown command.
Magic restored.
Things that are here:
a +0 dagger; 2 stones
Found 6 stones.
You see here 6 stones.
Found a dagger.
An adder comes into view.
Aiming: Shock (safe; 3% risk of failure)
Press: ? - help, Q - select action, (/) - cycle Shift-Dir - straight line, f - adder
Aim: an adder (asleep, 100% to hit)
The zap hits the adder.
The adder is lightly wounded.
The adder hisses angrily.
Unknown command.
Aiming: Shock (safe; 3% risk of failure)
Press: ? - help, Q - select action, (/) - cycle Shift-Dir - straight line, f/p - adder
Aim: an adder (lightly wounded, 53% to hit)
The zap misses the adder.
Unknown command.
Aiming: Shock (safe; 3% risk of failure)
Press: ? - help, Q - select action, (/) - cycle Shift-Dir - straight line, f/p - adder
Aim: an adder (lightly wounded, 53% to hit)
The zap hits the adder!
The adder is almost dead.
Unknown command.
Aiming: Shock (safe; 3% risk of failure)
Press: ? - help, Q - select action, (/) - cycle Shift-Dir - straight line, f/p - adder
Aim: an adder (almost dead, 53% to hit)
The zap misses the adder.
Unknown command.
Aiming: Shock (safe; 3% risk of failure)
Press: ? - help, Q - select action, (/) - cycle Shift-Dir - straight line, p - adder The zap hits the adder.
The adder is almost dead.
The zap misses the adder.
The adder bites you.
You are poisoned.
The adder poisons you!
Unknown command.
Aiming: Shock (safe; 3% risk of failure)
Press: ? - help, Q - select action, (/) - cycle Shift-Dir - straight line The zap hits the adder.
You kill the adder!
You feel sick.
Unknown command.
You start resting.
You feel sick. x2
A bat comes into view.
The bat moves out of view.
You start resting.
You feel sick.
You are no longer poisoned.
You start resting.
A bat is nearby!
Aiming: Shock (safe; 3% risk of failure)
Press: ? - help, Q - select action, (/) - cycle Shift-Dir - straight line, f - bat
Aim: a bat (wandering, hasn't noticed you, 57% to hit)
The zap hits the bat.
The bat is moderately wounded.
Unknown command.
Aiming: Shock (safe; 3% risk of failure)
Press: ? - help, Q - select action, (/) - cycle Shift-Dir - straight line, f/p - bat
Aim: a bat (moderately wounded, 57% to hit)
The zap hits the bat!
You kill the bat!
Unknown command.
You start resting.
HP restored.
You start resting.
Magic restored.
A rat comes into view.
Aiming: Shock (safe; 3% risk of failure)
Press: ? - help, Q - select action, (/) - cycle Shift-Dir - straight line, f - rat
Aim: a rat (wandering, hasn't noticed you, 71% to hit)
The zap misses the rat.
Unknown command.
Aiming: Shock (safe; 3% risk of failure)
Press: ? - help, Q - select action, (/) - cycle Shift-Dir - straight line, f/p - rat
Aim: a rat (71% to hit)
The zap hits the rat.
You kill the rat!
Unknown command.
Found a stone staircase leading down.
A rat comes into view.
Things that are here:
a +0 dagger; a bat corpse
Aiming: Shock (safe; 3% risk of failure)
Press: ? - help, Q - select action, (/) - cycle Shift-Dir - straight line, f - you That beam is likely to hit you.
Continue anyway?
Okay, then.
Unknown command.
Aiming: Shock (safe; 3% risk of failure)
Press: ? - help, Q - select action, (/) - cycle Shift-Dir - straight line, f - rat
Aim: a rat (71% to hit)
The zap hits the rat.
The rat is heavily wounded.
Unknown command.
Aiming: Shock (safe; 3% risk of failure)
Press: ? - help, Q - select action, (/) - cycle Shift-Dir - straight line, f/p - rat
Aim: a rat (heavily wounded, 71% to hit)
The zap hits the rat.
You kill the rat!
Unknown command.
Things that are here:
a +0 dagger; a bat corpse You now have 102 gold pieces (gained 14).
Found a stone staircase leading up.
You now have 110 gold pieces (gained 8).
An orc priest comes into view. It is wielding a +0 trident.
There is a stone staircase leading up here.
An orc comes into view. It is wielding a +0 club.
An orc comes into view.
It is wielding a +0 mace and wearing a +0 scale mail of fire resistance.
Aiming: Shock (safe; 3% risk of failure)
Press: ? - help, Q - select action, (/) - cycle Shift-Dir - straight line, f - orc priest
Aim: an orc priest, wielding a +0 trident (asleep, 100% to hit)
The zap hits the orc priest.
The orc priest is moderately wounded.
The orc priest shouts!
You hear a shout!
A goblin comes into view. It is wielding a +0 dagger.
An orc priest comes into view. It is wielding a +0 club.
Unknown command.
The orc priest casts a cantrip, but nothing happens.
Aiming: Shock (safe; 3% risk of failure)
Press: ? - help, Q - select action, (/) - cycle Shift-Dir - straight line
Okay, then.
You start waiting.
An orc priest is nearby!
Aiming: Shock (safe; 3% risk of failure)
Press: ? - help, Q - select action, (/) - cycle Shift-Dir - straight line, p - orc priest The zap hits the orc priest.
The orc priest is moderately wounded.
The zap hits the orc priest.
The orc priest is heavily wounded.
Unknown command.
Aiming: Shock (safe; 3% risk of failure)
Press: ? - help, Q - select action, (/) - cycle Shift-Dir - straight line The zap hits the orc priest.
The orc priest is heavily wounded.
The zap hits the orc priest!
You kill the orc priest!
Unknown command.
You start resting.
Magic restored.
Things that are here:
a +0 trident; an orc corpse A quokka comes into view.
Aiming: Shock (safe; 3% risk of failure)
Press: ? - help, Q - select action, (/) - cycle Shift-Dir - straight line, f - quokka
Aim: a quokka (asleep, 100% to hit)
The zap hits the quokka.
The quokka is almost dead.
Unknown command.
Aiming: Shock (safe; 3% risk of failure)
Press: ? - help, Q - select action, (/) - cycle Shift-Dir - straight line, f/p - quokka
Aim: a quokka (almost dead, 60% to hit)
The zap hits the quokka.
You kill the quokka!
Unknown command.
A rat comes into view.
Aiming: Shock (safe; 3% risk of failure)
Press: ? - help, Q - select action, (/) - cycle Shift-Dir - straight line, f - rat
Aim: a rat (asleep, 100% to hit)
The zap hits the rat.
The rat is heavily wounded.
A hobgoblin comes into view.
Unknown command.
Aiming: Shock (safe; 3% risk of failure)
Press: ? - help, Q - select action, (/) - cycle Shift-Dir - straight line, f/p - rat
Aim: a rat (heavily wounded, 71% to hit)
The zap misses the rat.
The hobgoblin shouts!
Unknown command.
Aiming: Shock (safe; 3% risk of failure)
Press: ? - help, Q - select action, (/) - cycle Shift-Dir - straight line, f/p - rat
Aim: a rat (heavily wounded, 71% to hit)
The zap hits the rat!
You kill the rat!
Your Fighting skill increases to level 1!
Unknown command.
Aiming: Shock (safe; 3% risk of failure)
Press: ? - help, Q - select action, (/) - cycle Shift-Dir - straight line, f - hobgoblin
Aim: a hobgoblin, wearing a ring of see invisible and quivering stones (71% to hit)
The zap hits the hobgoblin.
You kill the hobgoblin!
Unknown command.
r - a ring of see invisible You now have 122 gold pieces (gained 12).
Things that are here:
3 stones; a hobgoblin corpse
r - a ring of see invisible (on tentacle)
An orc is nearby!
Aiming: Shock (safe; 3% risk of failure)
Press: ? - help, Q - select action, (/) - cycle Shift-Dir - straight line, f - orc
Aim: an orc, wielding a +0 club and wearing a +0 leather armour (wandering, hasn't noticed you, 71% to hit)
The zap hits the orc.
The orc is almost dead.
The orc shouts!
You hear a shout!
Aiming: Shock (safe; 3% risk of failure)
Press: ? - help, Q - select action, (/) - cycle Shift-Dir - straight line, f/p - orc
Aim: an orc, wielding a +0 club and wearing a +0 leather armour (almost dead, 71% to hit)
The zap hits the orc.
You kill the orc!
Unknown command.
An orc is nearby!
Aiming: Shock (safe; 3% risk of failure)
Press: ? - help, Q - select action, (/) - cycle Shift-Dir - straight line, f - orc
Aim: an orc, wielding a +0 mace and wearing a +0 scale mail of fire resistance (wandering, hasn't noticed you, 75% to hit)
The zap hits the orc but does no damage.
Unknown command.
Aiming: Shock (safe; 3% risk of failure)
Press: ? - help, Q - select action, (/) - cycle Shift-Dir - straight line, f/p - orc
Aim: an orc, wielding a +0 mace and wearing a +0 scale mail of fire resistance (75% to hit)
The zap hits the orc but does no damage.
Unknown command.
Aiming: Shock (safe; 3% risk of failure)
Press: ? - help, Q - select action, (/) - cycle Shift-Dir - straight line, f/p - orc
Aim: an orc, wielding a +0 mace and wearing a +0 scale mail of fire resistance (75% to hit)
The zap misses the orc.
The zap hits the orc.
The orc is heavily wounded.
Unknown command.
Aiming: Shock (safe; 3% risk of failure)
Press: ? - help, Q - select action, (/) - cycle Shift-Dir - straight line, p - orc
Okay, then.
Aiming: Shock (safe; 3% risk of failure)
Press: ? - help, Q - select action, (/) - cycle Shift-Dir - straight line, p - orc The zap hits the orc.
The orc is heavily wounded.
The zap hits the orc.
You kill the orc!
You have reached level 5!
You feel clever.
Things that are here:
3 stones; a hobgoblin corpse You start resting.
Magic restored.
Things that are here:
3 stones; a hobgoblin corpse
Things that are here:
a +0 mace; a +0 scale mail of fire resistance; an orc corpse
Things that are here:
a +0 club; a +0 leather armour; an orc corpse An orc priest is nearby!
Aiming: Shock (safe; 2% risk of failure)
Press: ? - help, Q - select action, (/) - cycle Shift-Dir - straight line, f - orc priest
Aim: an orc priest, wielding a +0 club (wandering, hasn't noticed you, 71% to hit)
The zap hits the orc priest.
The orc priest is moderately wounded.
The orc priest looks braver for a moment.
Aiming: Shock (safe; 2% risk of failure)
Press: ? - help, Q - select action, (/) - cycle Shift-Dir - straight line, p - orc priest The zap misses the orc priest.
The zap hits the orc priest.
The orc priest is moderately wounded.
Unknown command.
Aiming: Shock (safe; 2% risk of failure)
Press: ? - help, Q - select action, (/) - cycle Shift-Dir - straight line The zap hits the orc priest.
The orc priest is severely wounded.
The zap misses the orc priest.
Unknown command.
Aiming: Shock (safe; 2% risk of failure)
Press: ? - help, Q - select action, (/) - cycle Shift-Dir - straight line The zap hits the orc priest!
You kill the orc priest!
Unknown command.
You now have 137 gold pieces (gained 15).
You now have 139 gold pieces (gained 2).
Found a stone staircase leading up.
There is a stone staircase leading up here.
The goblin shouts!
Aiming: Shock (safe; 2% risk of failure)
Press: ? - help, Q - select action, (/) - cycle Shift-Dir - straight line, f - goblin
Aim: a goblin, wielding a +0 dagger (64% to hit)
The zap misses the goblin.
Unknown command.
Aiming: Shock (safe; 2% risk of failure)
Press: ? - help, Q - select action, (/) - cycle Shift-Dir - straight line, f/p - goblin
Aim: a goblin, wielding a +0 dagger (64% to hit)
The zap hits the goblin.
The goblin is moderately wounded.
Unknown command.
Aiming: Shock (safe; 2% risk of failure)
Press: ? - help, Q - select action, (/) - cycle Shift-Dir - straight line, f/p - goblin
Aim: a goblin, wielding a +0 dagger (moderately wounded, 64% to hit)
The zap hits the goblin.
You kill the goblin!
Unknown command.
Things that are here:
a +0 dagger; a goblin corpse
There is a stone staircase leading up here.
An adder comes into view.
Found a great mace.
Aiming: Shock (safe; 2% risk of failure)
Press: ? - help, Q - select action, (/) - cycle Shift-Dir - straight line The zap misses the adder.
The zap hits the adder.
The adder is moderately wounded.
The adder closely misses you.
Unknown command.
Aiming: Shock (safe; 2% risk of failure)
Press: ? - help, Q - select action, (/) - cycle Shift-Dir - straight line The zap hits the adder.
The adder is moderately wounded.
The zap hits the adder.
The adder is severely wounded.
The adder bites you.
Unknown command.
Aiming: Shock (safe; 2% risk of failure)
Press: ? - help, Q - select action, (/) - cycle Shift-Dir - straight line The zap hits the adder.
The adder is almost dead.
The zap hits the adder.
You kill the adder!
Unknown command.
HP restored.
You see here a +0 great mace.
A dart slug comes into view.
Aiming: Shock (safe; 2% risk of failure)
Press: ? - help, Q - select action, (/) - cycle Shift-Dir - straight line, f - dart slug
Aim: a dart slug (asleep, 100% to hit)
The zap hits the dart slug.
The dart slug is moderately wounded.
Unknown command.
Aiming: Shock (safe; 2% risk of failure)
Press: ? - help, Q - select action, (/) - cycle Shift-Dir - straight line, f/p - dart slug
Aim: a dart slug (moderately wounded, 100% to hit)
The zap hits the dart slug.
The dart slug is almost dead.
Unknown command.
Aiming: Shock (safe; 2% risk of failure)
Press: ? - help, Q - select action, (/) - cycle Shift-Dir - straight line, f/p - dart slug
Aim: a dart slug (almost dead, 100% to hit)
The zap hits the dart slug.
The dart slug is almost dead.
Unknown command.
A dart slug is nearby!
Aiming: Shock (safe; 2% risk of failure)
Press: ? - help, Q - select action, (/) - cycle Shift-Dir - straight line, f/p - dart slug
Aim: a dart slug (almost dead, 100% to hit)
The zap hits the dart slug!
You kill the dart slug!
Unknown command.
Found a stone staircase leading down.
You see here a dart slug corpse.
There is a stone staircase leading down here.
A ball python comes into view.
Found a thin glowing staff.
Aiming: Shock (safe; 2% risk of failure)
Press: ? - help, Q - select action, (/) - cycle Shift-Dir - straight line, f - ball python
Aim: a ball python (asleep, 100% to hit)
The zap hits the ball python.
You kill the ball python!
You see here a staff of poison.
s - a staff of poison An adder comes into view.
Found a grey potion.
The adder hisses angrily.
Aiming: Shock (safe; 2% risk of failure)
Press: ? - help, Q - select action, (/) - cycle Shift-Dir - straight line
Okay, then.
Aiming: Shock (safe; 2% risk of failure)
Press: ? - help, Q - select action, (/) - cycle Shift-Dir - straight line The zap hits the adder.
The adder is lightly wounded.
The zap hits the adder.
The adder is moderately wounded.
The adder barely misses you.
Unknown command.
Aiming: Shock (safe; 2% risk of failure)
Press: ? - help, Q - select action, (/) - cycle Shift-Dir - straight line The zap hits the adder.
The adder is almost dead.
The zap hits the adder.
You kill the adder!
Your Spellcasting skill increases to level 3!
Unknown command.
t - a grey potion Done exploring.
Done exploring.
This spell is dangerous to cast!
Memorise Swiftness, consuming 3 spell levels and leaving 4?
You start memorising the spell.
You continue memorising. x3
You finish memorising.
Spell assigned to 'c'.
Save game and exit?
Welcome back, scionoferis the Octopode Air Elementalist.
Press ? for a list of commands and other information.
Save game and exit?
Welcome back, scionoferis the Octopode Air Elementalist.
Press ? for a list of commands and other information.
Done exploring.
There is a stone staircase leading down here.
Unknown command.
You fly downwards.
Found a stone staircase leading down.
There is a stone staircase leading up here.
There is a stone staircase leading down here.
g - 3 scrolls labelled GUZO WACEDGHA (gained 1)
b - 3 scrolls labelled JILUYPA FEISO (gained 1)
A kobold comes into view. It is wielding a +0 short sword.
Aiming: Shock (safe; 2% risk of failure)
Press: ? - help, Q - select action, (/) - cycle Shift-Dir - straight line, f - kobold
Aim: a kobold, wielding a +0 short sword (asleep, 100% to hit)
The zap hits the kobold!
You kill the kobold!
Magic restored.
Found a stone staircase leading up.
u - a scroll labelled CAOVOUWN JUOC You see here a +0 short sword.
v - a scroll labelled IDEGALASUTT You now have 148 gold pieces (gained 9).
You now have 154 gold pieces (gained 6).
You see here a +0 dagger.
w - a smoky sapphire potion A jackal comes into view.
You see here 15 gold pieces.
A jackal comes into view.
The jackal barks! x2
Aiming: Shock (safe; 2% risk of failure)
Press: ? - help, Q - select action, (/) - cycle Shift-Dir - straight line, f - jackal
Aim: a jackal (64% to hit)
Okay, then.
The jackal bites you but does no damage.
Aiming: Shock (safe; 2% risk of failure)
Press: ? - help, Q - select action, (/) - cycle Shift-Dir - straight line, f - jackal
Aim: a jackal (64% to hit)
The zap hits the jackal.
The jackal is severely wounded.
The zap hits the jackal.
The jackal is moderately wounded.
The jackal closely misses you.
The jackal bites you but does no damage.
Unknown command.
Aiming: Shock (safe; 2% risk of failure)
Press: ? - help, Q - select action, (/) - cycle Shift-Dir - straight line, f/p - jackal
Aim: a jackal (severely wounded, 64% to hit)
You miscast Shock.
You are very lightly contaminated with residual magic.
Nothing appears to happen.
The jackal bites you but does no damage.
Unknown command.
Unknown command.
Aiming: Shock (safe; 2% risk of failure)
Press: ? - help, Q - select action, (/) - cycle Shift-Dir - straight line, f/p - jackal
Aim: a jackal (severely wounded, 64% to hit)
The zap misses the jackal.
The zap hits the jackal!
You kill the jackal!
The jackal closely misses you.
Unknown command.
Aiming: Shock (safe; 2% risk of failure)
Press: ? - help, Q - select action, (/) - cycle Shift-Dir - straight line, f/p - jackal
Aim: a jackal (severely wounded, 64% to hit)
The zap misses the jackal.
The jackal bites you. The jackal barely misses you.
Unknown command.
You hit the jackal.
You kill the jackal!
Your magical contamination has completely faded away.
HP restored.
You now have 169 gold pieces (gained 15).
x - a wand of flame (28)
You now have 179 gold pieces (gained 10).
An orc comes into view. It is wielding a +0 club.
Aiming: Shock (safe; 2% risk of failure)
Press: ? - help, Q - select action, (/) - cycle Shift-Dir - straight line, f - orc
Aim: an orc, wielding a +0 club (asleep, 100% to hit)
The zap hits the orc!
You kill the orc!
Unknown command.
You see here a +0 club.
A giant cockroach comes into view.
Found a stone staircase leading down.
The helpless giant cockroach fails to defend itself.
You puncture the giant cockroach!
You kill the giant cockroach!
There is a stone staircase leading down here.
A ball python comes into view.
Aiming: Shock (safe; 2% risk of failure)
Press: ? - help, Q - select action, (/) - cycle Shift-Dir - straight line, f - ball python
Aim: a ball python (wandering, hasn't noticed you, 68% to hit)
The zap hits the ball python.
You kill the ball python!
Unknown command.
Found a hand axe. 3 orcs come into view.
A goblin comes into view. It is wielding a +0 club.
Aiming: Shock (safe; 2% risk of failure)
Press: ? - help, Q - select action, (/) - cycle Shift-Dir - straight line, f - goblin
Aim: a goblin, wielding a +0 club (asleep, 100% to hit)
The zap hits the goblin.
You kill the goblin!
Unknown command.
You start resting.
Magic restored.
Aiming: Shock (safe; 2% risk of failure)
Press: ? - help, Q - select action, (/) - cycle Shift-Dir - straight line, f - orc
Aim: an orc, wielding a +0 dagger and wearing a +0 leather armour (asleep, 100% to hit)
The zap hits the orc.
The orc is severely wounded.
The orc shouts!
Unknown command.
Aiming: Shock (safe; 2% risk of failure)
Press: ? - help, Q - select action, (/) - cycle Shift-Dir - straight line, f/p - orc
Aim: an orc, wielding a +0 dagger and wearing a +0 leather armour (severely wounded, 74% to hit)
That beam is likely to hit you.
Continue anyway?
Okay, then.
Aiming: Shock (safe; 2% risk of failure)
Press: ? - help, Q - select action, (/) - cycle Shift-Dir - straight line, f/p - orc
Aim: an orc, wielding a +0 dagger and wearing a +0 leather armour (severely wounded, 74% to hit)
That beam is likely to hit you.
Continue anyway?
Okay, then.
Aiming: Shock (safe; 2% risk of failure)
Press: ? - help, Q - select action, (/) - cycle Shift-Dir - straight line, p - orc The zap hits the orc.
You kill the orc!
Unknown command.
You start resting.
Magic restored.
Things that are here:
a +0 dagger; a +0 leather armour; an orc corpse
Found a stone staircase leading up.
A goblin comes into view. It is wielding a +0 dagger.
Aiming: Shock (safe; 2% risk of failure)
Press: ? - help, Q - select action, (/) - cycle Shift-Dir - straight line, f - goblin
Aim: a goblin, wielding a +0 dagger (asleep, 100% to hit)
The zap hits the goblin.
You kill the goblin!
Unknown command.
There is a stone staircase leading up here.
Found a chain mail.
Search for what [? for help]? d: Unknown command.
A jelly comes into view.
You see here a +0 dagger.
Aiming: Shock (safe; 2% risk of failure)
Press: ? - help, Q - select action, (/) - cycle Shift-Dir - straight line
Okay, then.
Aiming: Shock (safe; 2% risk of failure)
Press: ? - help, Q - select action, (/) - cycle Shift-Dir - straight line, f - jelly
Aim: a jelly (100% to hit)
The zap hits the jelly.
The jelly is lightly wounded.
Unknown command.
Aiming: Shock (safe; 2% risk of failure)
Press: ? - help, Q - select action, (/) - cycle Shift-Dir - straight line, p - jelly The zap hits the jelly.
The jelly is heavily wounded.
The zap hits the jelly.
The jelly is severely wounded.
Unknown command.
Aiming: Shock (safe; 2% risk of failure)
Press: ? - help, Q - select action, (/) - cycle Shift-Dir - straight line The zap hits the jelly.
You kill the jelly!
Your Air Magic skill increases to level 4!
Unknown command.
You see here a +0 dagger.
You pick up a book of Changes and begin reading...
You add the spells Beastly Appendage, Wereblood and Spider Form to your library.
Okay, then.
You have 179 gold pieces.
Unknown command.
Search for what [Enter for "d:", or ? for help]? shop Can't find anything matching that.
Unknown command.
Aiming: Shock (safe; 2% risk of failure)
Press: ? - help, Q - select action, (/) - cycle Shift-Dir - straight line The zap hits the orc.
You kill the orc!
Unknown command.
Aiming: Shock (safe; 2% risk of failure)
Press: ? - help, Q - select action, (/) - cycle Shift-Dir - straight line The zap hits the orc!
You kill the orc!
Unknown command.
An orc comes into view. It is wielding a +0 short sword.
Aiming: Shock (safe; 2% risk of failure)
Press: ? - help, Q - select action, (/) - cycle Shift-Dir - straight line, f - orc
Aim: an orc, wielding a +0 short sword (asleep, 100% to hit)
The zap hits the orc.
The orc is almost dead.
The orc shouts!
Unknown command.
Aiming: Shock (safe; 2% risk of failure)
Press: ? - help, Q - select action, (/) - cycle Shift-Dir - straight line, f/p - orc
Aim: an orc, wielding a +0 short sword (almost dead, 74% to hit)
The zap hits the orc.
You kill the orc!
Unknown command.
You start resting.
A kobold comes into view. It is wielding a +0 short sword.
Aiming: Shock (safe; 2% risk of failure)
Press: ? - help, Q - select action, (/) - cycle Shift-Dir - straight line, f - kobold
Aim: a kobold, wielding a +0 short sword and quivering stones (wandering, hasn't noticed you, 67% to hit)
The zap misses the kobold.
The kobold shouts!
Unknown command.
You start resting.
A kobold is nearby!
Aiming: Shock (safe; 2% risk of failure)
Press: ? - help, Q - select action, (/) - cycle Shift-Dir - straight line, f/p - kobold
Aim: a kobold, wielding a +0 short sword and quivering stones (67% to hit)
The zap hits the kobold.
The kobold is moderately wounded.
Unknown command.
Aiming: Shock (safe; 2% risk of failure)
Press: ? - help, Q - select action, (/) - cycle Shift-Dir - straight line, f/p - kobold
Aim: a kobold, wielding a +0 short sword and quivering stones (moderately wounded, 67% to hit)
The zap hits the kobold!
You kill the kobold!
Unknown command.
You start resting.
Magic restored.
You see here a +0 hand axe.
Items here: )) [[ †.
Found a war axe.
Found 2 stones.
y - a throwing net You now have 195 gold pieces (gained 16).
A kobold comes into view. It is wielding a +0 short sword.
Aiming: Shock (safe; 2% risk of failure)
Press: ? - help, Q - select action, (/) - cycle Shift-Dir - straight line, f - kobold
Aim: a kobold, wielding a +0 short sword (asleep, 100% to hit)
The zap hits the kobold.
You kill the kobold!
Unknown command.
Unknown command.
g - 4 scrolls labelled GUZO WACEDGHA (gained 1)
An orc wizard and 2 orcs come into view.
Aiming: Shock (safe; 2% risk of failure)
Press: ? - help, Q - select action, (/) - cycle Shift-Dir - straight line, f - orc
Aim: an orc, wielding a +0 flail (asleep, 100% to hit)
The zap hits the orc.
The orc is lightly wounded.
The orc shouts!
The orc wizard shouts!
Unknown command.
The orc attacks as you move away! The orc misses you.
Aiming: Shock (safe; 2% risk of failure)
Press: ? - help, Q - select action, (/) - cycle Shift-Dir - straight line, f - orc, p - orc
Aim: an orc, wielding a +0 dagger and wearing a +0 leather armour (74% to hit)
The zap hits the orc.
The orc is almost dead.
The zap hits the orc.
The orc is moderately wounded.
The zap misses the orc.
The orc misses you.
Unknown command.
Aiming: Shock (safe; 2% risk of failure)
Press: ? - help, Q - select action, (/) - cycle Shift-Dir - straight line, p - orc The zap hits the orc!
You kill the orc!
The zap hits the orc!
You kill the orc!
You have reached level 6!
You start resting.
An orc wizard is nearby!
Aiming: Shock (safe; 2% risk of failure)
Press: ? - help, Q - select action, (/) - cycle Shift-Dir - straight line The zap hits the orc wizard!
The orc wizard is heavily wounded.
The zap hits the orc wizard.
The orc wizard is almost dead.
The orc wizard points at you and mumbles some strange words.
You resist with some effort.
Unknown command.
Aiming: Shock (safe; 2% risk of failure)
Press: ? - help, Q - select action, (/) - cycle Shift-Dir - straight line The zap hits the orc wizard.
You kill the orc wizard!
Unknown command.
You start resting.
An orc comes into view. It is wielding a +0 trident.
Aiming: Shock (safe; 2% risk of failure)
Press: ? - help, Q - select action, (/) - cycle Shift-Dir - straight line The zap hits the orc.
The orc is almost dead.
The zap hits the orc.
You kill the orc!
Your Fighting skill increases to level 2!
Unknown command.
You start resting.
Magic restored.
Things that are here:
a +0 flail; an orc corpse
Things that are here:
a +0 dagger; a +0 leather armour; an orc corpse
Items here: )) [ †.
q - 2 fuming sapphire potions (gained 1)
w - 3 smoky sapphire potions (gained 2)
You now have 208 gold pieces (gained 13).
Found a stone staircase leading down.
There is a stone staircase leading down here.
There is a stone staircase leading up here.
You see here a +0 war axe.
Things that are here:
a +0 short sword; an orc skeleton Done exploring.
Search for what [Enter for "shop", or ? for help]? d:
Items here: )) [ ÷.
z - a +0 trident Unknown command.
z - a +0 trident (weapon)
There is a stone staircase leading up here.
There is a stone staircase leading down here.
You fly downwards.
A sourceless malevolence fills the Dungeon...
With a horrendous wail, an alarm goes off!
A sentinel's mark forms upon you.
You hear an angry hiss.
You hear a shout! x7
There is a stone staircase leading up here.
You reach to attack!
You puncture the dart slug!
The dart slug is severely wounded.
An orc comes into view. It is wielding a +0 dagger.
You reach to attack!
You puncture the dart slug!
You kill the dart slug!
You hit the orc. Your grab misses the orc.
The orc is lightly wounded.
The orc barely misses you.
You barely miss the orc. You grab the orc.
The orc is lightly wounded.
You constrict the orc, but do no damage.
A jelly comes into view.
The orc hits you with a +0 dagger.
An adder comes into view.
A phantom comes into view.
The orc closely misses you.
You release your grip on the orc.
The orc misses you.
You fly upwards.
There is a stone staircase leading down here.
You barely miss the orc. Your grab misses the orc. Your squeeze misses the orc.
The orc is lightly wounded.
The orc closely misses you.
Aiming: Shock (safe; 2% risk of failure)
Press: ? - help, Q - select action, (/) - cycle Shift-Dir - straight line The zap hits the orc.
The orc is moderately wounded.
The zap hits the orc.
The orc is heavily wounded.
The orc hits you with a +0 dagger.
Unknown command.
Aiming: Shock (safe; 2% risk of failure)
Press: ? - help, Q - select action, (/) - cycle Shift-Dir - straight line The zap hits the orc.
You kill the orc!
Unknown command.
Magic restored.
There is a stone staircase leading down here.
You start resting.
HP restored.
You start waiting.
The sentinel's mark upon you fades away.
You fly downwards.
There is a stone staircase leading up here.
An orc comes into view.
It is wielding a +2 short sword of electrocution.
Aiming: Shock (safe; 2% risk of failure)
Press: ? - help, Q - select action, (/) - cycle Shift-Dir - straight line, f - orc
Aim: an orc, wielding a +2 short sword of electrocution and wearing a +0 chain mail (wandering, hasn't noticed you, 81% to hit)
The zap hits the orc but does no damage.
The orc shouts!
Unknown command.
Aiming: Shock (safe; 2% risk of failure)
Press: ? - help, Q - select action, (/) - cycle Shift-Dir - straight line, f/p - orc
Aim: an orc, wielding a +2 short sword of electrocution and wearing a +0 chain mail (81% to hit)
The zap hits the orc.
The orc is heavily wounded.
Unknown command.
Aiming: Shock (safe; 2% risk of failure)
Press: ? - help, Q - select action, (/) - cycle Shift-Dir - straight line, f/p - orc
Aim: an orc, wielding a +2 short sword of electrocution and wearing a +0 chain mail (heavily wounded, 81% to hit)
The zap hits the orc but does no damage.
The orc is heavily wounded.
Unknown command.
Aiming: Shock (safe; 2% risk of failure)
Press: ? - help, Q - select action, (/) - cycle Shift-Dir - straight line, f/p - orc
Aim: an orc, wielding a +2 short sword of electrocution and wearing a +0 chain mail (heavily wounded, 81% to hit)
The zap misses the orc.
The zap hits the orc but does no damage.
The orc is heavily wounded.
Unknown command.
Aiming: Shock (safe; 2% risk of failure)
Press: ? - help, Q - select action, (/) - cycle Shift-Dir - straight line, p - orc The zap hits the orc.
You kill the orc!
Things that are here:
a +2 short sword of electrocution; a +0 chain mail; an orc corpse
A - a +2 short sword of electrocution Adjust to which letter? (? for menu, Esc to quit)
a - a +2 short sword of electrocution;
A - a potion of magic You hear the crackle of electricity.
a - a +2 short sword of electrocution (weapon)
There is a stone staircase leading up here.
You start resting.
Magic restored.
Found an escape hatch in the floor.
Found a stone staircase leading down.
Found a stone staircase leading up.
There is a stone staircase leading up here.
Found a ring mail.
You see here a +0 ring mail.
Found an escape hatch in the ceiling.
You now have 212 gold pieces (gained 4).
h - 2 scrolls labelled ZUUSOTHRAMPE (gained 1)
Found a stone staircase leading down.
A scorpion comes into view.
The scorpion moves out of view.
Found a stone staircase leading down.
Aiming: Shock (safe; 2% risk of failure)
Press: ? - help, Q - select action, (/) - cycle Shift-Dir - straight line The zap hits the scorpion.
The scorpion is moderately wounded.
The zap hits the scorpion.
The scorpion is heavily wounded.
Unknown command.
Aiming: Shock (safe; 2% risk of failure)
Press: ? - help, Q - select action, (/) - cycle Shift-Dir - straight line The zap hits the scorpion.
The scorpion is severely wounded.
Unknown command.
You hit the scorpion. You grab the scorpion. You squeeze the scorpion.
You kill the scorpion!
Your Conjurations skill increases to level 3!
Okay, then.
You see here a scorpion corpse.
B - a scroll labelled KILU OFA JELUHYKE
There is a stone staircase leading down here.
Aiming: Shock (safe; 1% risk of failure)
Press: ? - help, Q - select action, (/) - cycle Shift-Dir - straight line The zap hits the phantom.
The phantom is lightly damaged.
Unknown command.
Aiming: Shock (safe; 1% risk of failure)
Press: ? - help, Q - select action, (/) - cycle Shift-Dir - straight line The zap hits the phantom.
The phantom is moderately damaged.
The zap hits the phantom.
The phantom is heavily damaged.
The phantom barely misses you.
Unknown command.
Aiming: Shock (safe; 1% risk of failure)
Press: ? - help, Q - select action, (/) - cycle Shift-Dir - straight line The zap hits the phantom.
The phantom is severely damaged.
The zap hits the phantom!
The phantom is almost destroyed.
The phantom hits you.
The phantom blinks!
You blink.
Unknown command.
You closely miss the phantom.
The phantom is almost destroyed.
The phantom barely misses you.
You hit the phantom but do no damage. Your squeeze misses the phantom.
The phantom is almost destroyed.
The phantom hits you.
You closely miss the phantom.
The phantom is almost destroyed.
The phantom hits you.
You hit the phantom.
The phantom is almost destroyed.
The phantom hits you!
You barely miss the phantom. Your squeeze misses the phantom.
The phantom is almost destroyed.
The phantom hits you.
You closely miss the phantom. Your squeeze misses the phantom.
The phantom is almost destroyed.
The phantom closely misses you.
You closely miss the phantom.
You squeeze the phantom, but do no damage.
The phantom is almost destroyed.
The phantom hits you.
The phantom blinks!
You blink.
Aiming: Shock (safe; 1% risk of failure)
Press: ? - help, Q - select action, (/) - cycle Shift-Dir - straight line, f - phantom
Aim: a phantom (almost destroyed, 64% to hit)
Okay, then.
You barely miss the phantom. Your squeeze misses the phantom.
The phantom is almost destroyed.
The phantom barely misses you.
You closely miss the phantom.
The phantom is almost destroyed.
The phantom closely misses you.
You closely miss the phantom.
The phantom is almost destroyed.
The phantom closely misses you.
You closely miss the phantom.
The phantom is almost destroyed.
The phantom hits you!
You closely miss the phantom.
You squeeze the phantom, but do no damage.
The phantom is almost destroyed.
The phantom hits you!
* * * LOW HITPOINT WARNING * * *
The phantom blinks!
You blink.
The phantom hits you.
You die...

Skill      XL: |  1  2  3  4  5  6 |
---------------+-------------------+-----
Stealth        | 3 4 |  4.0
Conjurations   | 2 3 |  3.1
Fighting       | 1 2 |  2.2
Spellcasting   | 3 |  3.3
Air Magic      | 4 |  4.3
Dodging        | |  2.0

Action                   |  1- 3 |  4- 6 || total
-------------------------+-------+-------++-------
Melee: Short sword       |     5 |    15 ||    20
       Tentacles         |     2 |     3 ||     5
       Constrict         |     2 |     2 ||     4
       Trident           |       |     5 ||     5
 Cast: Shock             |    74 |    87 ||   161
 Stab: Sleeping          |       |     1 ||     1
Armor: Skin              |     2 |     4 ||     6
Dodge: Dodged            |     2 |    17 ||    19

Levels and vault maps discovered:
D:1:      dpeg_arrival_three_bigger_balls, layout_basic
D:2:      layout_basic, ebering_ecumenical_altar_webs
D:3:      layout_loops_ring, serial_glass, glass_columns_b, glass_columns_a
D:4:      layout_loops_ring, palyth_stone_intersect
D:5:      layout_loops_ring, kennysheep_donut

Notes
Turn   | Place    | Note
-------+----------+-------------------------------------------
     0 | D:1      | scionoferis the Octopode Air Elementalist began the quest
                  | for the Orb.
     0 | D:1      | Reached XP level 1. HP: 11/11 MP: 3/3
   169 | D:1      | Reached skill level 3 in Stealth
   299 | D:1      | Reached XP level 2. HP: 17/17 MP: 3/5
   347 | D:1      | Learned a level 2 spell: Static Discharge
   903 | D:1      | Reached XP level 3. HP: 21/21 MP: 3/6
  1059 | D:2      | Found a faded altar of an unknown god.
  1143 | D:2      | Reached skill level 4 in Stealth
  1789 | D:2      | Reached XP level 4. HP: 27/27 MP: 3/7
  1843 | D:2      | Reached skill level 2 in Conjurations
  2429 | D:3      | Reached skill level 1 in Fighting
  2488 | D:3      | Reached XP level 5. HP: 33/33 MP: 3/9
  2879 | D:3      | Reached skill level 3 in Spellcasting
  2954 | D:3      | Learned a level 3 spell: Swiftness
  3277 | D:4      | Reached skill level 4 in Air Magic
  3554 | D:4      | Reached XP level 6. HP: 39/39 MP: 6/10
  3569 | D:4      | Reached skill level 2 in Fighting
  3853 | D:5      | Entered Level 5 of the Dungeon
  4044 | D:5      | Reached skill level 3 in Conjurations
  4116 | D:5      | Slain by a phantom

Vanquished Creatures
  A scorpion (D:5)
  2 orc priests (D:3)
  A jelly (D:4)
  An orc wizard (D:4)
  5 adders (D:2 D:3)
  2 worms (D:2)
  6 dart slugs (D:1 D:2 D:3 D:5)
  12 orcs (D:3 D:4 D:5)
  3 ball pythons (D:2 D:3 D:4)
  5 bats (D:1 D:3)
  4 endoplasms (D:1 D:2)
  A giant cockroach (D:4)
  7 goblins (D:1 D:2 D:3 D:4)
  4 hobgoblins (D:2 D:3)
  2 jackals (D:4)
  4 quokkas (D:1 D:2 D:3)
  2 frilled lizards (D:1 D:2)
  7 kobolds (D:1 D:3 D:4)
  5 rats (D:1 D:2 D:3)
74 creatures vanquished.

Table legend: (Time is in decaauts)
 A = Elapsed time spent in this place.
 B = Non-inter-level travel time spent in this place.
 C = Inter-level travel time spent in this place.
 D = Time resting spent in this place.
 E = Time spent auto-exploring this place.
 F = Levels seen in this place.
 G = Mean time per level.
                   A        B        C        D        E       F      G
               +--------+--------+--------+--------+--------+-----+--------+
         Total |   4113 |   3976 |    137 |    355 |   3114 |   5 |  822.6 |
       Dungeon |   4113 |   3976 |    137 |    355 |   3114 |   5 |  822.6 |
               +--------+--------+--------+--------+--------+-----+--------+

Top non-repeatable levels by time:
     D:1: 1052 daAuts
     D:3: 1049 daAuts
     D:4: 922 daAuts
     D:2: 856 daAuts
     D:5: 234 daAuts

Table legend:
 A = Non-vault XP
 B = Vault XP
 C = Vault XP percentage of total XP
 D = Non-vault monster count
 E = Vault monster count
 F = Vault count percentage of total count
                 A         B        C        D         E       F
            +---------+---------+-------+---------+---------+-------
      Total |     448 |       0 |   0.0 |      74 |       0 |   0.0
            +---------+---------+-------+---------+---------+-------
        D:1 |      34 |       0 |   0.0 |      16 |       0 |   0.0
        D:2 |      63 |       0 |   0.0 |      18 |       0 |   0.0
        D:3 |     145 |       0 |   0.0 |      17 |       0 |   0.0
        D:4 |     119 |       0 |   0.0 |      20 |       0 |   0.0
        D:5 |      87 |       0 |   0.0 |       3 |       0 |   0.0
            +---------+---------+-------+---------+---------+-------
